 Dungeon Crawl Stone Soup version 0.15-a0-1110-g1e9b520 (console) character file.

487 gw the Cudgeler (level 7, -16/75 HPs)
             Began as an Ogre Berserker on May 28, 2014.
             Was a Believer of Trog.
             Demolished by an ogre
             ... wielding a +0,+0 giant spiked club
              (29 damage)
             ... on Level 4 of the Dungeon.
             The game lasted 00:01:48 (4360 turns).

gw the Cudgeler (Ogre Berserker)                    Turns: 4360, Time: 00:01:48

HP -16/75        AC  4     Str 23      XL: 7   Next: 13%
MP   7/7         EV 11     Int  6      God: Trog [**....]
Gold 0           SH  0     Dex 11      Spells:  0 memorised,  6 levels left

rFire  . . .     SeeInvis .     g - +0 giant spiked club
rCold  . . .     Clarity  .     b - +0 animal skin
rNeg   . . .     Conserve .     (shield restricted)
rPois  .         rCorr    .     (helmet restricted)
rElec  .         rRot     .     j - +0 cloak
SustAb .         Spirit   .     (gloves unavailable)
rMut   .         Warding  .     (boots unavailable)
Gourm  .         Stasis   .     (no amulet)
MR     ++...                    (no ring)
                                (no ring)

@: exhausted, regenerating, slowed, very slow, very resistant to hostile
enchantments, very unstealthy
A: unfitting armour, tough skin 1
a: Burn Spellbooks, Berserk, Trog's Hand, Renounce Religion


You were on level 4 of the Dungeon.
You worshipped Trog.
Trog was pleased with you.
You were not hungry.

You visited 1 branch of the dungeon, and saw 4 of its levels.

Inventory:

Hand weapons
 a - a +0,+2 mace
 g - a +0,+0 giant spiked club (weapon)
Missiles
 e - 21 stones
 h - 18 darts (quivered)
Armour
 b - a +0 animal skin (worn)
 j - a +0 cloak (worn)
Comestibles
 c - a meat ration
 k - 2 bread rations
 o - 11 fruits
Scrolls
 d - 2 scrolls of recharging
 i - 3 scrolls of remove curse
 l - a scroll of identify
 m - a scroll of random uselessness {unknown}
 n - a scroll of enchant weapon I {unknown}
Potions
 f - a potion of berserk rage
 p - a potion of restore abilities {unknown}


   Skills:
 + Level 6.1 Fighting
 * Level 7.1 Maces & Flails
 + Level 3.3 Throwing
 + Level 4.0 Dodging


You had 6 spell levels left.
You didn't know any spells.

Dungeon Overview and Level Annotations

Branches:
Dungeon (4/15)
 Temple: D:4-7

Altars:

Shops:
D:4 :


Innate Abilities, Weirdness & Mutations

You are too large for most types of armour.
You have tough skin (AC +1).


Message History

Unknown command.
Unknown command.
Unknown command.
Unknown command.
MOVING TO (-6,2)
The gnoll misses you.
The ogre hits you with a giant spiked club!
MOVING TO (-5,3)
The gnoll closely misses you. The ogre barely misses you.
The gnoll closely misses you.
Unknown command.
Unknown command.
Unknown command.
Unknown command.
MOVING TO (-4,2)
The gnoll hits you from afar with a spear.
MOVING TO (-3,2)
The gnoll hits you from afar with a spear.
The ogre hits you with a giant spiked club!!
You die...

#.....<... ....####..
#####<###### ##.........#
...........# #.......#..## ### #
##.#######.# #............ ..#.
#.# #.# #.......#..#####.#. #.#
#.####.....##..##.:... #.#
#...........88.88....#
##.#######.####...g.(8#'#8.#..#
...........# #.OO....'\'..#..#
......####.######.###8#)#8.#..#.#
#####.# #........# #88.88.#..#..
....#.# ########## ###.##.#..##
###.#.# #....#)..## # #.#
####..).... . #.# #....... .# #.#
########...#.## .# #.#
####.........##.#


You could see an ogre and a gnoll.

Table legend:
 A = Turns spent in this place as a percentage of turns spent in the entire game.
 B = Non-inter-level travel turns spent in this place as a percentage of non-inter-level travel turns spent in the entire game.
 C = Inter-level travel turns spent in this place as a percentage of turns spent in this place.
 D = Turns resting spent in this place as a percentage of non-inter-level travel turns spent in this place.
 E = Turns spent auto-exploring this place as a percentage of non-inter-level travel turns spent in this place.
 F = Non-inter-level travel turns spent in this place divided by the number of levels of this place that you've seen.
                   A       B       C       D       E      F
               +-------+-------+-------+-------+-------+----------------------
         Total | 100.0 | 100.0 |   0.2 |   1.8 |   4.3 | 1011.0
       Dungeon | 100.0 | 100.0 |   0.2 |   1.8 |   4.3 | 1011.0
               +-------+-------+-------+-------+-------+----------------------

Table legend:
 A = Kills in this place as a percentage of kills in entire the game.
 B = Kills by you in this place as a percentage of kills by you in the entire game.
 C = Kills by friends in this place as a percentage of kills by friends in the entire game.
 D = Other kills in this place as a percentage of other kills in the entire game.
 E = Experience gained in this place as a percentage of experience gained in the entire game.
 F = Experience gained in this place divided by the number of levels of this place that you have seen.
                   A       B       C       D       E      F
               +-------+-------+-------+-------+-------+----------------------
         Total | 100.0 | 100.0 |  -nan |  -nan | 100.0 | 174.0
       Dungeon | 100.0 | 100.0 |  -nan |  -nan | 100.0 | 174.0
               +-------+-------+-------+-------+-------+----------------------

Vanquished Creatures
  A phantom (D:4)
  An ogre (D:4)
  A scorpion (D:4)
  An iguana (D:4)
  A gnoll shaman (D:4)
  3 worker ants (D:4)
  4 gnolls (D:4)
  An adder (D:4)
  2 worms
  A giant mite (D:1)
  9 orcs
  4 bats
  4 giant cockroaches
  13 goblins
  7 hobgoblins
  9 kobolds
  A quokka (D:4)
  3 giant geckos
  4 giant newts
  9 rats
  A rat skeleton (D:4)
80 creatures vanquished.

Notes
Turn   | Place    | Note
--------------------------------------------------------------
     0 | D:1      | gw, the Ogre Berserker, began the quest for the Orb.
     0 | D:1      | Reached XP level 1. HP: 24/24 MP: 1/1
    24 | D:1      | Reached XP level 2. HP: 24/32 MP: 2/2
  1091 | D:2      | Reached skill level 1 in Throwing
  1139 | D:2      | Reached XP level 3. HP: 28/39 MP: 3/3
  1140 | D:2      | Acquired Trog's second power
  2764 | D:3      | Reached skill level 5 in Maces & Flails
  2764 | D:3      | Reached XP level 4. HP: 49/49 MP: 4/4
  2988 | D:4      | Noticed a phantom
  3060 | D:4      | Killed a phantom
  3060 | D:4      | Reached skill level 5 in Fighting
  3060 | D:4      | Reached XP level 5. HP: 30/57 MP: 5/5
  3345 | D:4      | Reached skill level 6 in Maces & Flails
  3516 | D:4      | Reached XP level 6. HP: 57/66 MP: 6/6
  4180 | D:4      | Noticed an ogre
  4190 | D:4      | Killed an ogre
  4332 | D:4      | Found Wuesajam's Book Emporium.
  4345 | D:4      | Reached skill level 7 in Maces & Flails
  4345 | D:4      | Reached XP level 7. HP: 75/75 MP: 7/7
  4351 | D:4      | Noticed an ogre
  4360 | D:4      | Demolished by an ogre

Action                   |  1- 3 |  4- 6 |  7- 9 || total
-------------------------+-------+-------+-------++-------
Melee: Mace              |    92 |   108 |       ||   200
       Giant spiked club |       |     6 |     6 ||    12
Throw: Dart              |    69 |    71 |       ||   140
       Stone             |       |    11 |       ||    11
Invok: Berserk           |     1 |     4 |       ||     5
       Trog's Hand       |       |     9 |       ||     9
  Use: Scroll            |     7 |     2 |       ||     9
       Potion            |     3 |     3 |       ||     6

Vault maps used:
D:1:      mrwooster_arrival_statue_2
D:4:      kennysheep_the_goblin_king, lemuel_zombie_altar_yredelemnul,
          serial_shops, kennysheep_mini_moat
